 Dungeon Crawl Stone Soup version 0.20-a0-930-gbddf555 (console) character file.

20649 pagos the Stickfighter (level 12, -2/105 HPs)
             Began as a Minotaur Berserker on Mar 30, 2017.
             Was a High Priest of Trog.
             Slain by a skeletal warrior
             ... wielding a +1 dire flail of flaming
              (19 damage)
             ... in a volcano.
             The game lasted 00:35:17 (11323 turns).

pagos the Stickfighter (Minotaur Berserker)        Turns: 11323, Time: 00:35:18

Health: -2/105     AC: 21    Str: 26    XL:     12   Next: 47%
Magic:  15/15      EV: 16    Int:  4    God:    Trog [*****.]
Gold:   311        SH:  0    Dex: 17    Spells: 11/11 levels left

rFire    . . .     SeeInvis .   K - +0 lajatang
rCold    + . .     Gourm    .   (shield currently unavailable)
rNeg     . . .     Faith    .   M - +4 plate armour {rPois}
rPois    +         Spirit   .   (helmet restricted)
rElec    .         Reflect  .   m - +1 cloak
rCorr    .         Harm     +   q - +0 pair of gloves
MR       .....                  (no boots)
Stlth    ..........             W - amulet of the Morning {Harm *Drain rC+}
Regen    0.3/turn               r - +6 ring of dexterity
MPRegen  0.2/turn               G - +4 ring of evasion

@: very slightly contaminated
A: retaliatory headbutt, horns 2, talons 1, mutation resistance 2
a: Berserk, Trog's Hand, Brothers in Arms, Burn Spellbooks, Renounce Religion


You were in a volcano.
You worshipped Trog.
Trog was extremely pleased with you.
You were not hungry.

You visited 2 branches of the dungeon, and saw 14 of its levels.
You also visited: Volcano.

You collected 881 gold pieces.
You spent 570 gold pieces at shops.

Inventory:

Hand Weapons
 z - a +0 dire flail of flaming
 K - a +0 lajatang (weapon)
 R - a +0 arbalest
 X - a +2 triple crossbow of freezing
Missiles
 S - 25 bolts
Armour
 m - a +1 cloak (worn)
 q - a +0 pair of gloves (worn)
 M - a +4 plate armour of poison resistance (worn)
Jewellery
 d - an uncursed ring of positive energy
 o - an uncursed ring of stealth
 p - an uncursed ring of protection from magic
 r - a +6 ring of dexterity (left hand)
 G - a +4 ring of evasion (right hand)
 P - a cursed ring of resist corrosion
 Q - an uncursed amulet of guardian spirit
 V - an uncursed ring of stealth
 W - the amulet of the Morning (around neck) {Harm *Drain rC+}
   (You found it on level 2 of the Lair of Beasts)

   [amulet of harm]

   It increases damage dealt and taken.
   It protects you from cold.
   It causes draining when unequipped.
Wands
 b - a wand of polymorph (4/24)
 y - a wand of disintegration (4/24)
 J - a wand of iceblast (12/15)
 N - a wand of flame (43/48)
 U - a wand of scattershot (5/9)
Scrolls
 g - 7 scrolls of teleportation
 h - a scroll of remove curse
 i - a scroll of blinking
 l - a scroll of enchant armour
 n - 3 scrolls of identify
 v - 2 scrolls of magic mapping
 D - 2 scrolls of noise {unknown}
 E - 2 scrolls of enchant weapon {unknown}
 L - a scroll of fear
Potions
 e - a potion of cancellation {unknown}
 f - 2 potions of degeneration
 j - 2 potions of curing
 u - a potion of might {unknown}
 w - 3 potions of flight {unknown}
 x - 2 potions of lignification
 F - 2 potions of haste {unknown}
 H - 4 potions of brilliance {unknown}
 I - 2 potions of invisibility {unknown}
 O - 2 potions of agility {unknown}
 T - 2 potions of magic {unknown}
Books
 t - a book of Changes

   Spells                             Type                      Level
   a - Beastly Appendage              Transmutation                1
   b - Sticks to Snakes               Transmutation                2
   c - Spider Form                    Transmutation/Poison         3
   d - Ice Form                       Ice/Transmutation            4
   e - Blade Hands                    Transmutation                5
   Trog disapproves of the use of such an item.
 C - a book of Maledictions

   Spells                             Type                      Level
   a - Corona                         Hexes                        1
   b - Ensorcelled Hibernation        Hexes/Ice                    2
   c - Confuse                        Hexes                        3
   d - Tukima's Dance                 Hexes                        3
   e - Dazzling Spray                 Conjuration/Hexes            3
   Trog disapproves of the use of such an item.
Miscellaneous
 k - a sack of spiders
 B - a crystal ball of energy
Comestibles
 a - 4 royal jellies
 c - 6 bread rations
 s - 6 meat rations
 A - 2 fruits


   Skills:
 - Level 9.5 Fighting
 - Level 4.4(11.5) Maces & Flails
 + Level 15.9(16.1) Staves
 * Level 5.7 Crossbows
 - Level 9.0 Armour
 - Level 8.1 Dodging
 - Level 6.5 Evocations


You had 11 spell levels left.
You didn't know any spells.

Dungeon Overview and Level Annotations

Branches:
Dungeon (11/15)            Temple (0/1) D:6            Lair (3/6) D:8
  Swamp (0/4) Lair:2       Spider (0/4) Lair:2          Orc (0/2) D:10

Altars:
Dithmenos
Fedhas
Hepliaklqana
Makhleb
Okawaru
Ru
Sif Muna
Uskayaw
Zin

Shops:
D:10 [(   D:11 *

Annotations:
D:11 exclusion: oklob plant


Innate Abilities, Weirdness & Mutations

You reflexively headbutt those who attack you in melee.
You have a pair of horns on your head.
You have sharp toenails.
You are somewhat resistant to both further mutation and mutation removal.


Message History

You resume training Maces & Flails.
You start resting.
The air gets thick with the scent of sulphur.
In the distance, the volcano erupts with a roar.
There is an open door here.
You open the door.
A skeletal warrior comes into view. It is wielding a dire flail of flaming.
You closely miss the skeletal warrior.
You claw the skeletal warrior, but do no damage.
The skeletal warrior hits you with a dire flail of flaming.
* * * LOW HITPOINT WARNING * * *
The skeletal warrior burns you.
* * * LOW HITPOINT WARNING * * *
You slice the skeletal warrior!! Your kick misses the skeletal warrior.
You headbutt the skeletal warrior, but do no damage.
The skeletal warrior is heavily damaged.
You slice the skeletal warrior!! You headbutt the skeletal warrior.
The skeletal warrior is almost destroyed.
The skeletal warrior hits you with a dire flail of flaming!
You die...

### #.# ##+#####'##
###..§§§....#
#.z@≈§≈≈§§≈.'.+
###....§....###
##'#####+## #..⌠..#
##
#.....##########.
###.....+....8...'≈
#.§..∩.)+........'.
###§...)+....8...§§
+.....##########.
#..⌠..# ##


You could see a skeletal warrior.

Vanquished Creatures
  Erolcha (D:11)
  A hydra (Lair:2)
  3 two-headed ogres
  A skeletal warrior (Volcano)
  The ghost of Elysium the Basher, a novice MiBe of Trog (D:6)
  2 black mambas
  The ghost of Yurtisuma the Chopper, a novice BaBe of Trog (D:4)
  2 gargoyles (Volcano)
  7 spiny frogs
  3 komodo dragons
  A merfolk (D:10)
  A harpy skeleton (Volcano)
  A hippogriff (D:7)
  2 flying skulls (Volcano)
  A redback (Lair:2)
  A centaur simulacrum (D:11)
  Sigmund (D:3)
  A spriggan (D:10)
  An alligator skeleton (Volcano)
  2 wyverns
  25 yaks
  Eustachio (D:5)
  A hungry ghost (D:7)
  A soldier ant (D:11)
  5 swamp worms (Lair:2)
  3 water moccasins
  5 porcupines
  3 sky beasts
  2 ice beasts (D:9)
  A black bear (D:10)
  A necrophage (D:8)
  4 orc warriors
  A phantom (D:8)
  2 ogres
  2 centaurs
  5 crocodiles
  2 big kobolds (D:10)
  6 bullfrogs
  2 jellies
  2 scorpions
  9 killer bees
  A spriggan skeleton (Volcano)
  5 electric eels
  A bullfrog zombie (D:8)
  A centaur zombie (D:11)
  3 crimson imps
  A quasit (D:10)
  5 hounds
  8 orc priests
  Crazy Yiuf (D:2)
  2 bullfrog skeletons (D:10)
  2 centaur skeletons
  10 worker ants
  Terence (D:3)
  2 iguanas
  4 orc wizards
  A hound zombie (D:7)
  A hound skeleton (D:11)
  Robin (D:3)
  12 adders
  An ooze (D:5)
  2 adder skeletons
  A worm (D:2)
  A leopard gecko (D:3)
  38 orcs
  5 bats
  3 giant cockroaches
  10 goblins
  5 hobgoblins
  10 jackals
  5 quokkas
  5 ball pythons
  10 frilled lizards
  13 kobolds
  A leopard gecko skeleton (D:9)
  5 rats
  3 fungi
297 creatures vanquished.

Vanquished Creatures (others)
  A quasit (D:8)
  6 fungi
  4 plants (Lair:1)
11 creatures vanquished.

Grand Total: 308 creatures vanquished

Notes
Turn   | Place    | Note
-------+----------+-------------------------------------------
     0 | D:1      | pagos the Minotaur Berserker began the quest for the Orb.
     0 | D:1      | Reached XP level 1. HP: 19/19 MP: 0/0
   152 | D:1      | Reached XP level 2. HP: 27/27 MP: 1/1
  1225 | D:2      | Found a runed door.
  1229 | D:2      | Noticed Crazy Yiuf
  1234 | D:2      | Killed Crazy Yiuf
  1234 | D:2      | Reached XP level 3. HP: 6/33 MP: 2/2
  1504 | D:3      | Reached skill level 1 in Staves
  1504 | D:3      | Reached XP level 4. HP: 7/40 MP: 3/3
  1517 | D:3      | Reached skill level 2 in Staves
  1533 | D:3      | Reached ** piety under Trog
  1838 | D:3      | Noticed Terence
  1840 | D:3      | Noticed Sigmund
  1844 | D:3      | Killed Terence
  1844 | D:3      | Reached skill level 3 in Staves
  1844 | D:3      | Reached XP level 5. HP: 34/47 MP: 4/4
  1854 | D:3      | Killed Sigmund
  1854 | D:3      | Reached skill level 5 in Staves
  1854 | D:3      | Reached XP level 6. HP: 11/53 MP: 5/5
  2212 | D:3      | Noticed Robin
  2222 | D:3      | Killed Robin
  2555 | D:4      | Reached skill level 6 in Staves
  2574 | D:4      | Noticed Yurtisuma's ghost (novice BaBe)
  2586 | D:4      | Killed Yurtisuma's ghost
  2586 | D:4      | Reached skill level 8 in Staves
  2586 | D:4      | Reached XP level 7. HP: 44/60 MP: 6/6
  2655 | D:4      | Got a spiked scale mail
  2666 | D:4      | Identified the cursed +1 scale mail of Lesser Demons {rF+} (You found it on level 4 of the Dungeon)
  3107 | D:5      | Entered Level 5 of the Dungeon
  3252 | D:5      | Reached skill level 9 in Staves
  3294 | D:5      | Noticed Eustachio
  3309 | D:5      | Killed Eustachio
  3322 | D:5      | Reached XP level 8. HP: 62/67 MP: 7/7
  3358 | D:5      | Reached skill level 10 in Staves
  3536 | D:5      | Found a hide-covered altar of Uskayaw.
  3793 | D:6      | Found a staircase to the Ecumenical Temple.
  3964 | D:6      | Found a sacrificial altar of Ru.
  3964 | D:6      | Found a hazy altar of Hepliaklqana.
  3969 | D:6      | Found a shadowy altar of Dithmenos.
  3971 | D:6      | Found a glowing silver altar of Zin.
  3973 | D:6      | Found an iron altar of Okawaru.
  4108 | D:6      | Noticed Elysium's ghost (novice MiBe)
  4118 | D:6      | Killed Elysium's ghost
  4118 | D:6      | Reached skill level 11 in Staves
  4521 | D:6      | Reached skill level 12 in Staves
  4747 | D:7      | Reached *** piety under Trog
  4812 | D:7      | Reached XP level 9. HP: 72/72 MP: 8/8
  4876 | D:7      | Reached skill level 13 in Staves
  4951 | D:7      | Found a blossoming altar of Fedhas.
  5462 | D:8      | Found a deep blue altar of Sif Muna.
  5527 | D:8      | Found a staircase to the Lair.
  5535 | D:8      | Reached skill level 14 in Staves
  5588 | D:8      | Gained mutation: You are resistant to hostile enchantments. (MR+) [mutagenic meat]
  5589 | D:8      | Gained mutation: Scrolls take you a little longer to read. [mutagenic meat]
  5590 | D:8      | Gained mutation: You have large cloven feet. [mutagenic meat]
  5591 | D:8      | Gained mutation: You expend magic power (3 MP) to strengthen your wands. [mutagenic meat]
  5592 | D:8      | Lost mutation: Scrolls take you a little longer to read. [mutagenic meat]
  5704 | D:8      | Found a burning altar of Makhleb.
  5870 | D:9      | Reached skill level 15 in Staves
  5876 | D:9      | Reached **** piety under Trog
  5909 | D:9      | Gained mutation: Your body sometimes deteriorates upon taking damage. [mutagenic meat]
  5910 | D:9      | Gained mutation: You are partially covered in rugged brown scales. (AC +1, +3% HP) [mutagenic meat]
  6001 | D:9      | Reached XP level 10. HP: 82/82 MP: 9/9
  6320 | D:9      | Gained mutation: You have sharp fingernails. [mutagenic meat]
  6322 | D:9      | Gained mutation: You are covered in fur. (AC +1) [mutagenic meat]
  6335 | D:9      | Reached skill level 1 in Evocations
  6396 | D:9      | Reached ***** piety under Trog
  6396 | D:9      | Reached skill level 5 in Fighting
  6764 | D:9      | Noticed a two-headed ogre
  6769 | D:9      | Killed a two-headed ogre
  6769 | D:9      | Reached skill level 5 in Armour
  6826 | D:10     | Entered Level 10 of the Dungeon
  7025 | D:10     | Reached skill level 5 in Dodging
  7035 | D:10     | Found a hazy altar of Hepliaklqana.
  7126 | D:10     | HP: 4/86 [electric eel/bolt of electricity (10)]
  7393 | D:10     | Found Keyqa's Weapon Shop.
  7393 | D:10     | Found a staircase to the Orcish Mines.
  7403 | D:10     | Found Xown's Armour Shop.
  7453 | D:10     | Bought a +1 plate armour of poison resistance for 512 gold pieces
  7526 | D:10     | Bought a +0 arbalest for 58 gold pieces
  7671 | D:10     | Reached XP level 11. HP: 56/94 MP: 7/13
  8176 | D:11     | Noticed Erolcha
  8185 | D:11     | Killed Erolcha
  8239 | D:11     | Noticed a two-headed ogre
  8248 | D:11     | Killed a two-headed ogre
  8258 | D:11     | Found a blossoming altar of Fedhas.
  8279 | D:11     | Noticed an oklob plant
  8305 | D:11     | Noticed a two-headed ogre
  8310 | D:11     | Killed a two-headed ogre
  8310 | D:11     | Reached skill level 5 in Evocations
  8585 | D:11     | Found Piveq's Assorted Antiques.
  9005 | Lair:1   | Entered Level 1 of the Lair of Beasts
  9657 | Lair:1   | Lost mutation: You have large cloven feet. [potion of mutation]
  9657 | Lair:1   | Lost mutation: You expend magic power (3 MP) to strengthen your wands. [potion of mutation]
  9657 | Lair:1   | Gained mutation: You have sharp toenails. [potion of mutation]
  9657 | Lair:1   | Gained mutation: You evolve. [potion of mutation]
  9658 | Lair:1   | Lost mutation: You are covered in fur. (AC +1) [potion of mutation]
  9658 | Lair:1   | Lost mutation: You are resistant to hostile enchantments. (MR+) [potion of mutation]
  9658 | Lair:1   | Lost mutation: You have sharp fingernails. [potion of mutation]
  9658 | Lair:1   | Lost mutation: You evolve. [potion of mutation]
  9658 | Lair:1   | Lost mutation: Your body sometimes deteriorates upon taking damage. [potion of mutation]
  9658 | Lair:1   | Gained mutation: You have a pair of large horns on your head. [potion of mutation]
  9658 | Lair:1   | Gained mutation: You are clumsy. (Dex -2) [potion of mutation]
  9658 | Lair:1   | Gained mutation: You are somewhat resistant to further mutation. [potion of mutation]
  9659 | Lair:1   | Lost mutation: You have a pair of large horns on your head. [potion of mutation]
  9659 | Lair:1   | Lost mutation: You are clumsy. (Dex -2) [potion of mutation]
  9659 | Lair:1   | Lost mutation: You are partially covered in rugged brown scales. (AC +1, +3% HP) [potion of mutation]
  9659 | Lair:1   | Gained mutation: You are somewhat resistant to both further mutation and mutation removal. [potion of mutation]
  9895 | Lair:2   | Found a hole to the Spider Nest.
 10106 | Lair:2   | Reached XP level 12. HP: 104/104 MP: 15/15
 10186 | Lair:2   | Got a glittering copper amulet
 10188 | Lair:2   | Identified the amulet of the Morning {Harm *Drain rC+} (You found it on level 2 of the Lair of Beasts)
 10259 | Lair:2   | Noticed a five-headed hydra
 10269 | Lair:2   | Killed a six-headed hydra
 10809 | Lair:2   | Found a staircase to the Swamp.
 10822 | Lair:2   | Received a gift from Trog
 11184 | Lair:3   | Found a dark tunnel.
 11193 | Volcano  | Entered a volcano
 11251 | Volcano  | Reached skill level 5 in Crossbows
 11323 | Volcano  | Slain by a skeletal warrior

Vault maps used:
D:1:      lightli_arrival_maybe_door_vault
D:2:      uniq_crazy_yiuf_cottage
D:3:      first_bread, uniq_robin, uniq_sigmund, uniq_terence
D:4:      minmay_statues_item, kennysheep_big_empty_room
D:5:      kennysheep_little_box, item_on_display_a, uniq_eustachio
D:6:      chequers_temple_overflow_minitemple, temple_fountains
D:7:      basic_altar, st_stairs_2
D:8:      lemuel_blue_sif_altar, dpeg_oklobed_lair, basic_altar
D:10:     orc_david_3, basic_altar, hangedman_stone_soup
D:11:     serial_shops, nicolae_shop_stone, tgw_fedhas, uniq_erolcha
Lair:1:   minmay_lair_venomous_thicket
Lair:2:   nicolae_swamp_entry_splash_gauntlet, spider_nest_entry_webs,
          grunt_megastairs_4
Lair:3:   nicolae_volcano_entry_hallway, lemuel_fruit_tree, uniq_sonja
Volcano:  volcano_tomb

Skill      XL: |  1  2  3  4  5  6  7  8  9 10 11 12 |
---------------+-------------------------------------+-----
Maces & Flails | 4 |  4.4
Fighting       | 4 7 9 |  9.5
Staves         | 1 3 5 8 9 12 15 | 15.9
Armour         | 3 6 8 9 |  9.0
Dodging        | 3 5 7 8 |  8.1
Evocations     | 4 6 |  6.5
Crossbows      | 5 |  5.7

Action                   |  1- 3 |  4- 6 |  7- 9 | 10-12 || total
-------------------------+-------+-------+-------+-------++-------
Melee: Mace              |    37 |       |       |       ||    37
       Headbutt          |     7 |    12 |    28 |   124 ||   171
       Quarterstaff      |     5 |    74 |   208 |       ||   287
       Kick              |       |       |    15 |   171 ||   186
       Lajatang          |       |       |       |   422 ||   422
Invok: Berserk           |       |     1 |     1 |     1 ||     3
Evoke: Wand              |       |       |       |     5 ||     5
  Use: Potion            |       |     2 |       |     7 ||     9
       Scroll            |       |     1 |     6 |    15 ||    22
 Stab: Confused          |       |       |     2 |       ||     2
       Petrifying        |       |       |     1 |       ||     1
       Paralysed         |       |       |     1 |       ||     1
  Eat: Chunk             |     1 |     5 |    17 |    20 ||    43
       Fruit             |       |       |     2 |     3 ||     5
       Bread ration      |       |       |       |     1 ||     1
Armor: Animal skin       |     3 |       |       |       ||     3
       Chain mail        |     9 |    38 |     3 |       ||    50
       Scale mail        |       |       |    53 |    10 ||    63
       Plate armour      |       |       |       |   128 ||   128
Dodge: Dodged            |    21 |    52 |   111 |   219 ||   403
